AoeStats
← ZayaTruco

Yucatan

510431312Analyzed
4v4 RM · 24h ago on Oct 1, 2026· 134m 31s· 8 players
Game mode
Random Map
Map size
Large (8 player)
Population
200
Speed
Normal
Resources
Standard
Victory
Conquest
Starting age
Dark Age
Ending age
Imperial Age
RankedLock teamsTeams togetherTeam positionsShared explorationLock speedFull tech treeHidden civsTurbo modeCheats
Victory
Defeat
🇦🇷 Spanish · Argentina
693
+16
🇵🇪 Bohemians · Peru
677
+17
🇲🇽 Cumans · Mexico
662
+17
🇺🇸 Britons · United States
640
+18
🇦🇷 Persians · Argentina
694
-17
🇦🇷 Goths · Argentina
694
-17
🇦🇷 Lithuanians · Argentina
688
-17
🇫🇷 Berbers · France
680
-17
ZPeach
1:26 Loom
13:07 Feudal Age
14:12 Double-Bit Axe
14:09 Horse Collar
17:49 Wheelbarrow
17:25 Town Watch
24:20 Gold Mining
24:23 Stone Mining
27:20 Castle Age
27:37 Padded Archer Armor
27:28 Fletching
29:15 Demolition Ship
31:03 Gold Shaft Mining
32:19 Fortified Wall
34:51 Leather Archer Armor
34:31 Bodkin Arrow
35:18 Bow Saw
36:35 Guard Tower
37:14 Hand Cart
37:43 Town Patrol
37:57 Heavy Plow
40:50 Imperial Age
39:43 Hand Cart
39:35 Town Patrol
40:38 Fervor
40:30 Devotion
41:42 Crossbowman
41:43 Elite Skirmisher
44:46 Masonry
44:58 Ballistics
46:27 Two-Man Saw
49:11 Chemistry
48:41 Architecture
48:47 Keep
47:59 Arrowslits
47:55 Treadmill Crane
48:09 Arbalester
51:17 Warwolf
51:38 Conscription
51:55 Hoardings
52:51 Elite Longbowman
58:42 Ring Archer Armor
58:13 Bracer
60:43 Yeomen
62:46 Siege Engineers
63:52 Caravan
67:51 Guilds
enrique.lopezc12983
0:39 Loom
14:54 Feudal Age
15:19 Horse Collar
15:37 Double-Bit Axe
15:47 Gold Mining
15:47 Stone Mining
21:09 Wheelbarrow
27:04 Castle Age
26:30 Scale Barding Armor
26:37 Forging
28:22 Heavy Plow
28:37 Bow Saw
29:08 Gold Shaft Mining
29:12 Hand Cart
30:28 Iron Casting
30:13 Chain Barding Armor
36:04 Imperial Age
37:12 Steppe Husbandry
37:33 Conscription
37:49 Hoardings
37:50 Crop Rotation
38:42 Two-Man Saw
38:24 Plate Barding Armor
38:50 Blast Furnace
37:53 Caravan
39:29 Light Cavalry
40:20 Bloodlines
39:31 Elite Steppe Lancer
41:02 Hussar
59:58 Cavalier
129:03 Spies/Treason
IGOR81926
0:54 Loom
12:18 Feudal Age
12:49 Town Watch
20:40 Castle Age
22:25 Horse Collar
22:36 Double-Bit Axe
25:31 Fletching
25:43 Padded Archer Armor
27:49 Wheelbarrow
27:15 Bodkin Arrow
29:13 Chemistry
30:03 Hand Cart
33:11 Masonry
33:08 Pikeman
34:50 Murder Holes
39:30 Imperial Age
37:39 Leather Archer Armor
42:17 Halberdier
42:57 Squires
43:11 Scale Mail Armor
44:46 Chain Mail Armor
57:16 Elite Hussite Wagon
65:17 Forging
65:17 Scale Barding Armor
79:41 Bow Saw
85:27 Plate Mail Armor
85:18 Chain Barding Armor
94:55 Iron Casting
98:07 Bracer
98:40 Ring Archer Armor
99:12 Blast Furnace
105:39 Heavy Scorpion
108:28 Town Patrol
109:31 Two-Man Saw
108:48 Heavy Plow
ZayaTruco
12:32 Feudal Age
17:51 Horse Collar
17:59 Double-Bit Axe
21:10 Castle Age
19:48 Stone Mining
22:50 Wheelbarrow
23:42 Scale Barding Armor
24:52 Stone Shaft Mining
24:10 Gold Mining
24:31 Heavy Plow
26:06 Forging
26:17 Chain Barding Armor
26:20 Bow Saw
31:39 Imperial Age
29:25 Hand Cart
30:18 Iron Casting
30:33 Hand Cart
31:35 Fletching
33:29 Two-Man Saw
33:31 Blast Furnace
33:02 Conscription
34:04 Plate Barding Armor
33:43 Bodkin Arrow
33:43 Elite Conquistador
35:13 Caravan
35:48 Coinage
38:08 Bloodlines
37:59 Husbandry
45:44 Ballistics
46:25 Chemistry
89:02 Bracer
89:02 Padded Archer Armor
89:06 Scale Mail Armor
127:41 Spies/Treason
thi1313
12:17 Feudal Age
11:31 Loom
18:18 Castle Age
16:56 Wheelbarrow
20:31 Double-Bit Axe
22:45 Horse Collar
27:50 Heavy Plow
28:55 Hand Cart
30:56 Bow Saw
35:46 Imperial Age
33:12 Fletching
33:23 Padded Archer Armor
33:59 Town Watch
37:04 Conscription
36:05 Elite Camel Archer
37:24 Gold Mining
37:24 Stone Mining
37:45 Bodkin Arrow
38:07 Leather Archer Armor
38:10 Fervor
39:15 Maghrebi Camels
39:20 Kasbah
39:33 Town Patrol
42:03 Bracer
42:34 Ring Archer Armor
47:51 Chemistry
47:12 Ballistics
47:05 Fortified Wall
47:16 Siege Engineers
46:55 Treadmill Crane
47:13 Murder Holes
114:33 Hoardings
Danilo98332
13:14 Feudal Age
17:39 Castle Age
25:47 Horse Collar
26:06 Gold Mining
26:08 Stone Mining
26:00 Demolition Ship
27:44 Heavy Plow
33:32 Imperial Age
33:25 Forging
33:15 Scale Mail Armor
35:57 Perfusion
35:58 Anarchy
37:06 Crop Rotation
38:48 Ballistics
38:22 Heated Shot
40:21 Elite Huskarl
42:24 Iron Casting
42:05 Chain Mail Armor
43:31 Chemistry
47:49 Pikeman
48:29 Squires
49:15 Halberdier
86:52 Elite Genitour
90:33 Onager
96:12 Cavalier
96:53 Husbandry
118:57 Heavy Scorpion
Mannu5899
11:10 Feudal Age
11:36 Horse Collar
11:48 Double-Bit Axe
13:28 Wheelbarrow
15:59 Gold Mining
19:20 Castle Age
20:09 Heavy Plow
21:48 Caravan
25:11 Hand Cart
26:54 Scale Barding Armor
33:04 Imperial Age
36:51 Elite War Elephant
44:41 Masonry
49:25 Husbandry
49:35 Bloodlines
48:46 Cavalier
57:38 Savar
67:11 Chain Barding Armor
67:01 Forging
73:54 Kamandaran
73:21 Pikeman
74:01 Squires
Khavy7047
11:04 Feudal Age
17:07 Castle Age
21:54 Double-Bit Axe
23:34 Bow Saw
23:08 Horse Collar
24:52 Heavy Plow
33:02 Imperial Age
38:18 Gold Mining
41:38 Chemistry
41:17 Elite Leitis
59:05 Elite Skirmisher
Connection lost

Rejoining the realm…

Still unreachable

The connection could not be restored.

Session expired

The server has moved on; the page needs a fresh start.